 Dungeon Crawl Stone Soup version 0.31-a0-1612-g4aaf141004 (webtiles) character file.

Game seed: 1205370483389572318

70 Inarius the Trooper (level 4, -2/31 HPs)
             Began as an Octopode Fighter on Jan 9, 2024.
             Slain by an ogre
             ... wielding a +0 giant club
              (33 damage)
             ... on level 3 of the Dungeon.
             The game lasted 00:01:39 (2003 turns).

Inarius the Trooper (Octopode Fighter)              Turns: 2003, Time: 00:01:39

Health: -2/31      AC:  1    Str: 17    XL:     4   Next: 22%
Magic:  4/4        EV: 13    Int: 10    God:
Gold:   118        SH:  4    Dex: 11    Spells: 3/3 levels left

rFire   . . .        a - +0 war axe
rCold   . . .        b - +0 buckler
rNeg    . . .        (helmet restricted)
rPois   .            (no amulet)
rElec   .            e - ring of flight
rCorr   .            (no ring)
SInv    .            (no ring)
Will    .....        (no ring)
Stlth   +++          (no ring)
HPRegen 0.25/turn    (no ring)
MPRegen 0.09/turn    (no ring)
                     (no ring)

%: no passive effects
@: flying
A: almost no armour, amphibious, 8 rings, camouflage 1, gelatinous body 1,
(nimble swimmer 1), tentacles
a: no special abilities


You were on level 3 of the Dungeon.
You visited 1 branch of the dungeon, and saw 3 of its levels.

You collected 118 gold pieces.

Inventory:

Hand Weapons
 a - a +0 war axe (weapon)
Armour
 b - a +0 buckler (worn)
Jewellery
 e - a ring of flight (left tentacle)
 k - a ring of fire
Wands
 l - a wand of charming (11)
Scrolls
 d - 2 scrolls of poison {unknown}
 g - a scroll of immolation {unknown}
 h - 3 scrolls of identify {unknown}
 i - a scroll of vulnerability {unknown}
 p - a scroll of butterflies {unknown}
Potions
 c - 2 potions of might
 f - a potion of attraction {unknown}
 j - a potion of haste {unknown}
 m - 2 potions of heal wounds {unknown}
 n - a potion of resistance {unknown}
 o - a potion of curing {unknown}
 q - 2 potions of brilliance {unknown}


   Skills:
 + Level 3.4 Fighting
 + Level 2.8 Axes
 + Level 3.3 Dodging
 + Level 2.0 Stealth
 + Level 3.3 Shields


You had 3 spell levels left.
You didn't know any spells.
Your spell library contained the following spells:

 Spells                   Type           Power      Damage    Failure   Level
 Lesser Beckoning         Tloc           0%         N/A       58%         2
 Gell's Gravitas          Tloc           0%         N/A       82%         3
 Teleport Other           Tloc           0%         N/A       82%         3


Dungeon Overview and Level Annotations

Branches:
Dungeon (3/15)

Altars:


Innate Abilities, Weirdness & Mutations

You cannot wear most types of armour.
You are amphibious.
You can wear up to eight rings at the same time.
Your skin changes colour to match your surroundings (Stealth+).
Your rubbery body absorbs attacks. (AC +1, EV +1)
((You are camouflaged when in or above water. (Stealth+)))
You have tentacles for arms and can constrict up to eight enemies at once.


Message History

Unknown command.
You see here 7 stones.
You see here 7 stones.
A frilled lizard comes into view.
The helpless frilled lizard fails to defend itself.
You hit the frilled lizard. Your grab misses the frilled lizard.
The frilled lizard is heavily wounded.
You block the frilled lizard's attack.
You barely miss the frilled lizard. You grab the frilled lizard.
You tentacle-slap the frilled lizard, but do no damage.
The frilled lizard is heavily wounded.
You constrict the frilled lizard.
You kill the frilled lizard!
No target in view!
No target in view!
You see here a frilled lizard corpse.
Found a leather armour.
You see here a +0 leather armour.
You see here a +0 leather armour.
There is an open door here.
Key pressed, stopping explore.
There is an open door here.
There is a stone staircase leading up here.
A ball python comes into view.
A ball python is nearby!
The helpless ball python fails to defend itself.
You slash the ball python!
You kill the ball python!
No target in view!
No target in view!
No target in view!
There is a stone staircase leading down here.
You see here a +0 chain mail.
An ogre is nearby!
An ogre is nearby!
An ogre is nearby!
The ogre shouts!
The ogre hits you with a +0 giant club!!
Ouch! That really hurt!
You die...

......#.######.#.#
.#......# #.#.#
#.##...# #.#.# #.
###.### #.#.# #.
#.... #.#.# #.##
####.###.#.# ...
#..##.#.#####
#.######..#.#......
#O@...........#####
#########.....#.#
### #....#
#.##.##.###..
#....#
#.##......+..
###....#
#.###.#.###..
#......# #.#
#.#...#.. #.#....#
#.# #.#...+.. ####
#.#....# #.#
#)###.#..
...########.###.##
#.# #.# #.#.#


You could see an ogre.

Vanquished Creatures
  An adder (D:3)
  2 dart slugs
  A ribbon worm (D:3)
  6 endoplasms
  A giant cockroach (D:1)
  2 goblins
  4 hobgoblins
  4 jackals (D:2)
  5 quokkas
  5 ball pythons
  9 bats
  5 frilled lizards
  4 kobolds
  2 rats (D:2)
51 creatures vanquished.

Notes
Turn   | Place    | Note
-------+----------+-------------------------------------------
     0 | D:1      | Inarius the Octopode Fighter began the quest for the Orb.
     0 | D:1      | Reached XP level 1. HP: 16/16 MP: 1/1
    74 | D:1      | Reached XP level 2. HP: 21/21 MP: 2/2
   669 | D:2      | Reached XP level 3. HP: 24/26 MP: 3/3
   764 | D:2      | Reached skill level 1 in Stealth
  1271 | D:3      | Noticed an ogre
  1316 | D:3      | Reached XP level 4. HP: 25/31 MP: 4/4
  2003 | D:3      | Slain by an ogre

Illustrated notes

Levels and vault maps discovered:
D:1:      minmay_arrival_plants_in_alcoves, layout_rooms
D:2:      layout_basic
D:3:      layout_basic, serial_forest, infiniplex_forest_straight_4,
          infiniplex_forest_clump_small, infiniplex_forest_clump_small,
          infiniplex_forest_clump_double, infiniplex_forest_zigzag_1

Skill      XL: |  1  2  3  4 |
---------------+-------------+-----
Stealth        | 1 2 |  2.0
Fighting       | |  3.4
Axes           | |  2.8
Dodging        | |  3.3
Shields        | |  3.3

Action                     |  1- 3 |  4- 6 || total
---------------------------+-------+-------++-------
  Melee: War axe           |    75 |    10 ||    85
         Constrict         |    19 |     2 ||    21
         Tentacles         |    10 |       ||    10
         Punch             |     2 |     1 ||     3
   Stab: Sleeping          |     9 |     6 ||    15
 Armour: Skin              |    26 |     3 ||    29
  Dodge: Dodged            |    47 |     2 ||    49
  Block: Buckler           |    14 |     3 ||    17

Table legend: (Time is in decaauts)
 A = Elapsed time spent in this place.
 B = Non-inter-level travel time spent in this place.
 C = Inter-level travel time spent in this place.
 D = Time resting spent in this place.
 E = Time spent auto-exploring this place.
 F = Levels seen in this place.
 G = Mean time per level.
                   A        B        C        D        E       F      G
               +--------+--------+--------+--------+--------+-----+--------+
         Total |   2038 |   2004 |     34 |     71 |   1559 |   3 |  679.3 |
       Dungeon |   2038 |   2004 |     34 |     71 |   1559 |   3 |  679.3 |
               +--------+--------+--------+--------+--------+-----+--------+

Top non-repeatable levels by time:
     D:3: 862 daAuts
     D:2: 641 daAuts
     D:1: 535 daAuts
